 Dungeon Crawl Stone Soup version 0.25-a0-701-gb30f108f01 (webtiles) character file.

Game seed: 1082258312033107643, levelgen mode: deterministic

11335 Amnesiac the Gelid (level 11, -14/60 HPs)
             Began as a Deep Elf Ice Elementalist on Apr 4, 2020.
             Was a High Priest of Vehumet.
             Killed by divine providence
             ... invoked by an orc high priest
              (16 damage)
             ... on level 2 of the Orcish Mines.
             The game lasted 00:23:42 (11181 turns).

Amnesiac the Gelid (Deep Elf Ice Elementalist)     Turns: 11181, Time: 00:23:43

Health: -14/60     AC:  9    Str:  5    XL:     11   Next: 48%
Magic:  29/29      EV: 14    Int: 24    God:    Vehumet [*****.]
Gold:   1044       SH:  0    Dex: 15    Spells: 17/35 levels left

rFire    . . .     SeeInvis .   a - +4 short sword
rCold    . . .     Gourm    .   (no shield)
rNeg     . . .     Faith    .   N - +0 troll leather armour
rPois    .         Spirit   .   (no helmet)
rElec    .         Reflect  .   A - +0 cloak
rCorr    .         Harm     .   y - +1 pair of gloves
MR       +....                  (no boots)
Stlth    ++........             (no amulet)
HPRegen  0.60/turn              r - +2 ring of protection
MPRegen  0.21/turn              J - ring of flight

@: lightly drained
A: no striking features
a: Renounce Religion, Evoke Flight


You were on level 2 of the Orcish Mines.
You worshipped Vehumet.
Vehumet was extremely pleased with you.
You were hungry.

You visited 3 branches of the dungeon, and saw 13 of its levels.

You collected 1079 gold pieces.
You spent 35 gold pieces at shops.

Inventory:

Hand Weapons
 a - a +4 short sword (weapon)
 u - a +0 fustibalus
Missiles
 j - 41 poisoned darts (quivered)
Armour
 y - a +1 pair of gloves (worn)
 A - a +0 cloak (worn)
 K - a +0 kite shield
 N - a +0 troll leather armour (worn)
Magical Staves
 b - an uncursed staff of poison
 M - an uncursed staff of fire
Jewellery
 r - a +2 ring of protection (left hand)
 w - an uncursed ring of fire
 J - a ring of flight (right hand)
Wands
 k - a wand of iceblast (21)
 p - a wand of flame (16)
 C - a wand of random effects (27)
 H - a wand of scattershot (4)
 L - a wand of acid (6)
Scrolls
 d - 8 scrolls of teleportation {!r}
 l - 3 scrolls of amnesia {!r}
 m - 5 scrolls of remove curse {!r}
 n - 2 scrolls of magic mapping {!r}
 s - 3 scrolls of enchant armour {!r}
 t - 3 scrolls of fear {!r}
 v - 4 scrolls of blinking {!r}
 B - 4 scrolls of identify {!r}
 D - a scroll of acquirement {!r}
 F - 2 scrolls of enchant weapon {!r}
 I - 2 scrolls of fog {!r}
Potions
 e - 2 potions of cancellation {!q}
 f - 2 potions of haste {!q}
 h - a potion of curing {!q}
 i - 2 potions of brilliance {!q}
 o - 3 potions of might {!q}
 q - a potion of lignification {!q}
 x - a potion of stabbing {!q}
 z - a potion of magic {!q}
Comestibles
 c - 26 rations
 g - 18 chunks of flesh


   Skills:
 - Level 3.0(2.5) Fighting
 + Level 5.9(5.4) Dodging
 - Level 2.4(1.9) Stealth
 + Level 12.9(12.3) Spellcasting
 * Level 15.2(14.5) Ice Magic


You had 17 spell levels left.
You knew the following spells:

 Your Spells              Type           Power        Failure   Level  Hunger
a - Freeze                Ice            ####         0%          1    None
b - Frozen Ramparts       Ice            ######       1%          3    None
c - Summon Ice Beast      Ice/Summ       #####...     3%          4    None
d - Hailstorm             Conj/Ice       #####...     1%          4    None
e - Mephitic Cloud        Conj/Pois/Air  ##......     6%          3    None
z - Ozocubu's Armour      Chrm/Ice       #####...     1%          3    None

Your spell library contained the following spells:

 Spells                   Type           Power        Failure   Level  Hunger
 Fireball                 Conj/Fire      ##........   43%         5    ###....


Dungeon Overview and Level Annotations

Branches:
Dungeon (10/15)            Temple (1/1) D:6            Lair (0/6) D:9
    Orc (2/2) D:10            Elf (0/3) Orc:2

Altars:
Ashenzari
Cheibriados
Dithmenos
Elyvilon
Fedhas
Gozag
Hepliaklqana
Kikubaaqudgha
Makhleb
Nemelex Xobeh
Okawaru
Qazlal
Ru
Sif Muna
Trog
Uskayaw
Vehumet
Wu Jian
Xom
Yredelemnul
Zin
The Shining One
Beogh
Lugonu

Shops:
D:5 *   D:10 %

Annotations:
D:6 exclusion: ice beast
D:8 1 runed translucent door, Tenz's ghost, novice HOSk


Message History

Pain shoots through your body!
You hit the orc priest but do no damage.
The orc priest is almost dead.
The wall freezes the orc priest!
You kill the orc priest!
Vehumet accepts your kill.
You feel your power returning.
The orc wizard gestures wildly while chanting.
The orc wizard blinks!
The orc priest calls down the wrath of Beogh upon you.
You resist with significant effort.
Things that are here:
a +1 dagger of draining; a +0 scale mail; an orc corpse An orc wizard comes into view.
It is wielding a +0 dagger.
The orc priest invokes the aid of Beogh against you.
Beogh smites you!
The wall freezes the orc wizard!
The orc wizard points at you and mumbles some strange words.
The magic dart hits you.
Things that are here:
a +0 scale mail; an orc corpse The wall freezes the orc wizard.
You kill the orc wizard!
Vehumet accepts your kill.
Things that are here:
a +0 dagger; a +0 robe; an orc skeleton
Things that are here:
a +0 scale mail; an orc corpse You hit the orc priest.
The orc priest is heavily wounded.
The wall freezes the orc priest!
You kill the orc priest!
Vehumet accepts your kill.
You feel your power returning.
The frozen ramparts melt away.
Things that are here:
a +0 dagger; a +0 robe The orc wizard shouts!
You hit the orc wizard but do no damage.
You hear a shout! x2
The orc wizard barely misses you.
An orc high priest comes into view.
It is wielding a +0 dire flail and wearing a +1 chain mail of fire resistance.
You hit the orc wizard but do no damage.
An orc priest comes into view. It is wielding a +0 club.
The orc wizard hits you with a +0 dagger.
The orc high priest calls down the wrath of Beogh upon you.
Beogh smites you!
* * * LOW HITPOINT WARNING * * *
You hear a shout!
You are feeling hungry.
You hit the orc wizard.
The orc wizard is lightly wounded.
The orc wizard hits you with a +0 dagger.
* * * LOW HITPOINT WARNING * * *
The orc priest invokes the aid of Beogh against you.
Beogh smites you!
* * * LOW HITPOINT WARNING * * *
The orc priest mumbles some strange prayers to Beogh against you.
Beogh smites you!
* * * LOW HITPOINT WARNING * * *
Things that are here:
a +0 scale mail; an orc corpse The orc high priest mumbles some strange prayers to Beogh against you.
Beogh smites you!
You die...

#..........................
#......................#...)
#.................).........
##............#.............
#.........#...##..)........)
#.................#......#..
##................<......#..
#.................)).))...))
#.........#@.))#############
#.........o.))##
#.......).#))##
#.......)##.)#
#........#...#
##...$......)#
#........$..)#
##.......o...#
#..^o...o...)..


You could see an orc high priest and an orc wizard.

Vanquished Creatures
  Harold (D:7)
  A two-headed ogre (D:10)
  4 orc high priests (Orc:2)
  2 orc sorcerers (Orc:2)
  A manticore (D:10)
  A troll (D:10)
  A hippogriff (D:10)
  A wyvern (D:10)
  A warg (Orc:2)
  13 orc warriors
  A phantom (D:7)
  5 ogres
  3 centaurs
  A big kobold (D:7)
  5 bullfrogs
  A wyvern skeleton (D:8)
  3 scorpions
  17 killer bees
  2 crimson imps
  15 orc priests
  8 hounds
  A jelly (D:6)
  Ijyb (D:3)
  3 iguanas
  17 orc wizards
  11 worker ants
  2 worker ant zombies (D:10)
  10 adders
  5 gnolls
  3 shadow imps
  An ooze (D:3)
  3 worms
  4 dart slugs
  3 leopard geckos
  46 orcs
  A ball python (D:3)
  4 giant cockroaches
  2 gnoll zombies (D:7)
  16 goblins
  6 hobgoblins
  23 jackals
  2 quokkas
  A ball python skeleton (D:6)
  5 bats
  6 frilled lizards
  A jackal skeleton (D:4)
  A jackal zombie (D:6)
  10 kobolds
  A leopard gecko skeleton (D:4)
  A quokka skeleton (D:4)
  5 rats
282 creatures vanquished.

Vanquished Creatures (collateral kills)
  A jumping spider (shapeshifter) (D:10)
  A black bear (D:8)
  2 ice beasts
  A necrophage (D:9)
  A phantom (D:10)
  A bullfrog (D:8)
  2 scorpions
  4 killer bees (D:9)
  A bullfrog zombie (D:10)
  3 orc priests (Orc:2)
  2 orc wizards (Orc:2)
  A killer bee zombie (D:10)
  7 orcs
27 creatures vanquished.

Vanquished Creatures (others)
  An orc wizard (Orc:2)
  2 withered plants (D:8)
3 creatures vanquished.

Grand Total: 312 creatures vanquished

Notes
Turn   | Place    | Note
-------+----------+-------------------------------------------
     0 | D:1      | Amnesiac the Deep Elf Ice Elementalist began the quest for
                  | the Orb.
     0 | D:1      | Reached XP level 1. HP: 10/10 MP: 6/6
   171 | D:2      | Reached XP level 2. HP: 15/15 MP: 1/8
   337 | D:3      | Found a blossoming altar of Fedhas.
   344 | D:3      | Reached skill level 5 in Ice Magic
   598 | D:3      | Noticed Ijyb
   613 | D:2      | Reached XP level 3. HP: 14/19 MP: 3/10
   618 | D:2      | Learned a level 3 spell: Frozen Ramparts
   643 | D:3      | Killed Ijyb
   713 | D:3      | Found a shadowy altar of Dithmenos.
   850 | D:3      | Reached XP level 4. HP: 18/24 MP: 7/12
  1376 | D:4      | Reached skill level 6 in Ice Magic
  1519 | D:4      | Reached XP level 5. HP: 11/28 MP: 10/14
  1692 | D:4      | Found a snail-covered altar of Cheibriados.
  1722 | D:4      | Reached skill level 5 in Spellcasting
  1762 | D:4      | Found a hazy altar of Hepliaklqana.
  2256 | D:2      | Found a glowing golden altar of the Shining One.
  2524 | D:2      | Reached skill level 7 in Ice Magic
  2557 | D:2      | Reached XP level 6. HP: 32/32 MP: 12/16
  3945 | D:5      | Entered Level 5 of the Dungeon
  3977 | D:5      | Reached skill level 8 in Ice Magic
  3977 | D:5      | Reached XP level 7. HP: 36/36 MP: 15/18
  3986 | D:5      | Learned a level 3 spell: Ozocubu's Armour
  3988 | D:5      | Learned a level 1 spell: Freeze
  4045 | D:5      | Found Ziplao's General Store.
  4063 | D:5      | Bought a scroll of magic mapping for 35 gold pieces
  4066 | D:5      | Found a white marble altar of Elyvilon.
  4134 | D:5      | Found a shattered altar of Ashenzari.
  4237 | D:5      | Found a sparkling altar of Nemelex Xobeh.
  4667 | D:6      | Learned a level 4 spell: Summon Ice Beast
  4672 | D:6      | Learned a level 4 spell: Hailstorm
  4716 | D:6      | Found a stormy altar of Qazlal.
  4754 | D:6      | Reached skill level 9 in Ice Magic
  4804 | D:6      | Found a glowing silver altar of Zin.
  4947 | D:6      | Found a staircase to the Ecumenical Temple.
  4953 | D:14     | Identified a paperback manual
  4953 | Temple   | Entered the Ecumenical Temple
  4982 | Temple   | Became a worshipper of Vehumet
  5951 | D:6      | Reached XP level 8. HP: 24/41 MP: 15/21
  6297 | D:7      | Noticed Harold
  6308 | D:7      | Killed Harold
  6308 | D:7      | Reached * piety under Vehumet
  6308 | D:7      | Offered knowledge of Foxfire by Vehumet.
  6308 | D:7      | Reached skill level 10 in Ice Magic
  6476 | D:7      | Reached skill level 11 in Ice Magic
  6580 | D:7      | Found an ornate altar of the Wu Jian Council.
  6580 | D:7      | Found a white marble altar of Elyvilon.
  6581 | D:7      | Found a bloodstained altar of Trog.
  6775 | D:7      | Reached XP level 9. HP: 33/45 MP: 20/24
  6930 | D:7      | Found a shattered altar of Ashenzari.
  6963 | D:7      | Found a burning altar of Makhleb.
  7102 | D:7      | Found a basalt altar of Yredelemnul.
  7176 | D:7      | Identified a scroll of acquirement {!r}
  7438 | D:8      | Found a runed translucent door.
  7438 | D:8      | Noticed Tenz's ghost (novice HOSk)
  7664 | D:8      | Offered knowledge of Magic Dart by Vehumet.
  7745 | D:8      | Reached ** piety under Vehumet
  7881 | D:8      | Reached skill level 10 in Spellcasting
  7881 | D:8      | Reached skill level 12 in Ice Magic
  8004 | D:9      | Found a staircase to the Lair.
  8099 | D:9      | Reached skill level 1 in Fighting
  8590 | D:9      | Found a shimmering blue altar of Sif Muna.
  8763 | D:10     | Entered Level 10 of the Dungeon
  8830 | D:10     | Found a staircase to the Orcish Mines.
  8894 | D:10     | Found a roughly hewn altar of Beogh.
  8957 | D:10     | Offered knowledge of Mephitic Cloud by Vehumet.
  8962 | D:10     | Reached XP level 10. HP: 33/54 MP: 21/26
  8967 | D:10     | Learned a level 3 spell: Mephitic Cloud
  9025 | D:10     | Noticed a manticore
  9035 | D:10     | Reached skill level 13 in Ice Magic
  9211 | D:10     | Killed a manticore
  9218 | D:10     | Reached *** piety under Vehumet
  9456 | D:10     | Found Robla's Food Boutique.
  9473 | D:10     | Noticed a two-headed ogre
  9483 | D:10     | Killed a two-headed ogre
 10155 | D:10     | Reached skill level 14 in Ice Magic
 10321 | Orc:1    | Entered Level 1 of the Orcish Mines
 10342 | Orc:1    | Offered knowledge of Fulminant Prism by Vehumet.
 10467 | Orc:2    | Entered Level 2 of the Orcish Mines
 10483 | Orc:2    | Found a staircase to the Elven Halls.
 10517 | Orc:2    | Noticed an orc high priest
 10541 | Orc:2    | Killed an orc high priest
 10619 | Orc:2    | Reached **** piety under Vehumet
 10626 | Orc:2    | Offered knowledge of Fireball by Vehumet.
 10634 | Orc:2    | Reached XP level 11. HP: 18/60 MP: 18/29
 10741 | Orc:2    | Found a burning altar of Makhleb.
 10768 | Orc:2    | Noticed an orc sorcerer
 10781 | Orc:2    | Killed an orc sorcerer
 10893 | Orc:2    | Noticed an orc high priest
 10912 | Orc:2    | Noticed a soul eater
 10914 | Orc:2    | Killed an orc high priest
 10918 | Orc:2    | Noticed an orc high priest
 10924 | Orc:2    | Killed an orc high priest
 10924 | Orc:2    | Reached skill level 5 in Dodging
 11077 | Orc:2    | Noticed an orc sorcerer
 11081 | Orc:2    | Noticed an orc high priest
 11091 | Orc:2    | Killed an orc sorcerer
 11091 | Orc:2    | Reached skill level 15 in Ice Magic
 11094 | Orc:2    | Killed an orc high priest
 11170 | Orc:2    | Reached ***** piety under Vehumet
 11176 | Orc:2    | Noticed an orc high priest
 11180 | Orc:2    | HP: 1/60 [orc priest/divine providence (12)]
 11181 | Orc:2    | Killed from afar by an orc high priest

Levels and vault maps discovered:
D:1:      minmay_arrival_stone_box, layout_basic, minmay_misc_feat_tiny
D:2:      layout_basic, tso_oasis_becter, first_ration
D:3:      layout_basic, old_standard_altar, lemuel_round_altar, minivault_5,
          uniq_ijyb
D:4:      layout_layer_cave, lemuel_round_altar, kennysheep_mini
D:5:      layout_basic, nemelex_xobeh_ov_fountains_minmay, serial_shops, shop,
          basic_altar, minmay_misc_feat_pillars, ashenzari_altar_1
D:6:      layout_basic, zin_statuary, nicolae_qazlal_eye_of_the_storm,
          minmay_temple_entry_purple_smoke
D:7:      layout_basic, kennysheep_little_box, lemuel_zombie_altar_yredelemnul,
          nicolae_overflow_quartered_altars, uniq_harold
D:8:      layout_basic, gammafunk_ghost_grave
D:9:      layout_cave_pools, led_sif_pool, lair_entry_dummy
D:10:     minmay_bloctagon_deflated, layout_long_grid,
          minmay_orc_entry_temple_small, serial_shops, shop, grunt_ogre_cave,
          hangedman_abyss_or_decor_stagger, hangedman_decor_diamond_cutter,
          minmay_quadrilaterals
Temple:   corrupted_temple
Orc:1:    layout_diamond_mine, lightli_church_of_beogh
Orc:2:    st_orc_mages, layout_caves, bloody_makhleb

Skill      XL: |  1  2  3  4  5  6  7  8  9 10 11 |
---------------+----------------------------------+-----
Ice Magic      | 5 6 7 8 9 11 12 14 15 | 15.2
Spellcasting   | 4 5 6 7 9 10 12 | 12.9
Fighting       | 2 3 |  3.0
Dodging        | 4 5 |  5.9
Stealth        | |  2.4

Action                   |  1- 3 |  4- 6 |  7- 9 | 10-12 || total
-------------------------+-------+-------+-------+-------++-------
Melee: Unarmed           |     2 |       |       |       ||     2
       Staff             |       |    23 |       |       ||    23
       Short sword       |       |     5 |    85 |    38 ||   128
Throw: Dart              |       |       |       |     3 ||     3
 Cast: Freeze            |    38 |    65 |    98 |    88 ||   289
       Frozen Ramparts   |     1 |    12 |    26 |    31 ||    70
       Summon Ice Beast  |       |       |    24 |     9 ||    33
       Hailstorm         |       |       |     3 |    13 ||    16
  Use: Scroll            |       |    14 |     5 |     3 ||    22
       Potion            |       |     1 |     2 |     5 ||     8
 Stab: Sleeping          |       |     1 |     1 |     2 ||     4
  Eat: Chunk             |       |     8 |    18 |     6 ||    32
Armor: Robe              |     4 |    16 |    37 |     7 ||    64
       Ring mail         |       |     2 |    34 |       ||    36
       Troll leather arm |       |       |       |    23 ||    23
Dodge: Dodged            |    38 |    57 |    85 |    57 ||   237

Table legend:
 A = Non-vault XP
 B = Vault XP
 C = Vault XP percentage of total XP
 D = Non-vault monster count
 E = Vault monster count
 F = Vault count percentage of total count
                 A         B        C        D         E       F
            +---------+---------+-------+---------+---------+-------
      Total |    9246 |    6947 |  42.9 |     259 |      51 |  16.5
            +---------+---------+-------+---------+---------+-------
        D:1 |      62 |       0 |   0.0 |      28 |       0 |   0.0
        D:2 |     102 |       0 |   0.0 |      27 |       0 |   0.0
        D:3 |     128 |      36 |  22.0 |      30 |       1 |   3.2
        D:4 |     433 |       0 |   0.0 |      21 |       0 |   0.0
        D:5 |     299 |       0 |   0.0 |      10 |       0 |   0.0
        D:6 |     451 |       0 |   0.0 |      14 |       0 |   0.0
        D:7 |     517 |     963 |  65.1 |      15 |       3 |  16.7
        D:8 |     746 |       0 |   0.0 |      25 |       0 |   0.0
        D:9 |     867 |       0 |   0.0 |      20 |       0 |   0.0
       D:10 |    2717 |    1577 |  36.7 |      33 |      18 |  35.3
      Orc:1 |     414 |       0 |   0.0 |       5 |       0 |   0.0
      Orc:2 |    2510 |    4371 |  63.5 |      31 |      29 |  48.3
            +---------+---------+-------+---------+---------+-------
